 Dungeon Crawl Stone Soup version 0.30-a0-459-g9104f0fc43 (webtiles) character file.

Game seed: 16115426489751315313

283 greenreed the Shield-Bearer (level 6, -14/49 HPs)
             Began as a Formicid Fighter on Dec 15, 2022.
             Demolished by Crazy Yiuf
             ... wielding a +2 quarterstaff of chaos
              (16 damage)
             ... on level 2 of the Dungeon.
             The game lasted 00:03:11 (2336 turns).

greenreed the Shield-Bearer (Formicid Fighter)      Turns: 2336, Time: 00:03:11

Health: -14/49     AC:  7    Str: 22    XL:     6   Next: 54%
Magic:  6/6        EV: 14    Int:  8    God:
Gold:   90         SH:  5    Dex: 13    Spells: 5/5 levels left

rFire   . . .      SeeInvis +    a - +0 trident
rCold   . . .      Faith    .    c - +0 buckler
rNeg    . . .      Spirit   .    b - +0 scale mail
rPois   .          Reflect  .    (helmet unavailable)
rElec   .          Harm     .    (no cloak)
rCorr   .          Rampage  .    (no gloves)
Will    .....                    (no boots)
Stlth   ..........               (no amulet)
HPRegen 0.28/turn                (no ring)
MPRegen 0.10/turn                (no ring)

@: agile, lethally poisoned (-14 -> -16)
A: permanent stasis, dig shafts and tunnels, antennae 3, four strong arms
a: Dig, Shaft Self


You were on level 2 of the Dungeon.
You visited 1 branch of the dungeon, and saw 2 of its levels.

You collected 90 gold pieces.

Inventory:

Hand Weapons
 a - a +0 trident (weapon)
 j - a +3 sling
Armour
 b - a +0 scale mail (worn)
 c - a +0 buckler (worn)
Jewellery
 n - an amulet of guardian spirit
Scrolls
 e - 4 scrolls of identify {unknown}
 f - a scroll of vulnerability {unknown}
 h - a scroll of blinking {unknown}
 i - a scroll of immolation {unknown}
 k - a scroll of enchant armour {unknown}
 l - a scroll of noise {unknown}
 m - a scroll of enchant weapon {unknown}
 o - a scroll of amnesia {unknown}
Potions
 d - a potion of might
 g - a potion of cancellation {unknown}


   Skills:
 * Level 4.5 Fighting
 * Level 4.0 Polearms
 + Level 2.0 Ranged Weapons
 + Level 4.2 Armour
 + Level 0.5 Dodging
 + Level 4.7 Shields


You had 5 spell levels left.
You didn't know any spells.
Your spell library contained the following spells:

 Spells                   Type           Power      Damage    Failure   Level
 Foxfire                  Conj/Fire      0%         2x1d4     80%         1
 Summon Small Mammal      Summ           0%         N/A       80%         1
 Call Canine Familiar     Summ           0%         N/A       99%         3
 Summon Guardian Golem    Hex/Summ       0%         N/A       99%         3


Dungeon Overview and Level Annotations

Branches:
Dungeon (2/15)

Altars:

Annotations:
D:2 Crazy Yiuf


Innate Abilities, Weirdness & Mutations

You cannot be hasted, slowed, berserked, paralysed or teleported.
You can dig through walls and to a lower floor.
You have a pair of large antennae on your head. (SInv)
Your four strong arms can wield two-handed weapons with a shield.


Message History

Crazy Yiuf barely misses you.
You hit Crazy Yiuf.
Crazy Yiuf is moderately wounded.
Crazy Yiuf hits you with a +2 quarterstaff of chaos!
You are poisoned.
Crazy Yiuf barely misses you.
You hit Crazy Yiuf.
Crazy Yiuf is heavily wounded.
You feel very sick. Crazy Yiuf closely misses you.
You puncture Crazy Yiuf!
Crazy Yiuf is almost dead.
You feel very sick. Crazy Yiuf hits you but does no damage.
You barely miss Crazy Yiuf.
Crazy Yiuf is almost dead.
You feel very sick.
Crazy Yiuf drinks a potion.
Crazy Yiuf is healed!
You puncture Crazy Yiuf!
Crazy Yiuf is moderately wounded.
You feel sick. You block Crazy Yiuf's attack.
You hit Crazy Yiuf but do no damage.
Crazy Yiuf is moderately wounded.
You feel sick.
Crazy Yiuf hits you with a +2 quarterstaff of chaos!
* * * LOW HITPOINT WARNING * * *
You are confused.
You bump into the tree.
You feel less confused.
You feel sick.
Crazy Yiuf hits you with a +2 quarterstaff of chaos!
* * * LOW HITPOINT WARNING * * *
You feel agile all of a sudden.
You are too injured to fight recklessly!
You hit Crazy Yiuf.
Crazy Yiuf is heavily wounded.
* * * LOW HITPOINT WARNING * * *
You feel sick.
Crazy Yiuf hits you with a +2 quarterstaff of chaos!
You die...

####### ......# ####
#..##.### ##..#
##......# #..##
###....##♣♣ ### #.##
#....#....♣♣ ♣♣#..)#
#.########
##.##.....♣.♣♣♣♣@g...#
#.........
...##.#......♣..♣#...#
###.......
.####.##....♣.♣♣♣ ###
##......
####....##♣♣♣♣♣
#...... ......###
##...... #####.# ####
###....... #.#
#..#####...######
###.######
##...##..######
#........#
###.....##...#


You could see Crazy Yiuf.

Vanquished Creatures
  Sigmund (D:2)
  Terence (D:2)
  4 gnolls
  An adder (D:2)
  3 worms (D:2)
  A dart slug (D:2)
  6 endoplasms
  A giant cockroach (D:1)
  5 goblins
  6 hobgoblins
  A quokka (D:1)
  4 ball pythons
  3 bats
  2 frilled lizards (D:2)
  3 kobolds
  2 rats
44 creatures vanquished.

Notes
Turn   | Place    | Note
-------+----------+-------------------------------------------
     0 | D:1      | greenreed the Formicid Fighter began the quest for the Orb.
     0 | D:1      | Reached XP level 1. HP: 18/18 MP: 1/1
   148 | D:1      | Reached XP level 2. HP: 24/24 MP: 2/2
   546 | D:1      | Found a faded altar of an unknown god.
   551 | D:1      | Got Plato's Parchment of Damage Dealing
   705 | D:1      | Reached XP level 3. HP: 15/30 MP: 3/3
  1158 | D:2      | Noticed Sigmund
  1166 | D:2      | Killed Sigmund
  1167 | D:2      | Reached skill level 1 in Ranged Weapons
  1167 | D:2      | Reached XP level 4. HP: 27/37 MP: 4/4
  1167 | D:2      | Reached XP level 5. HP: 31/42 MP: 5/5
  1167 | D:2      | Reached XP level 6. HP: 35/48 MP: 6/6
  1871 | D:2      | Identified the +10 dagger of Sequestration {speed, Str+4
                  | Dex+4}
  2042 | D:2      | Found a runed translucent door.
  2043 | D:2      | Noticed Crazy Yiuf
  2106 | D:2      | Noticed Terence
  2138 | D:2      | Killed Terence
  2336 | D:2      | HP: 2/49 [poisoned by Crazy Yiuf]
  2336 | D:2      | Demolished by Crazy Yiuf

Illustrated notes

Levels and vault maps discovered:
D:1:      evilmike_arrival_fibonacci_small, layout_loops_corners,
          shapermc_ecumenical_altar_rom_forum
D:2:      layout_rooms, palyth_stone_intersect, uniq_sigmund, uniq_terence,
          uniq_crazy_yiuf_cottage

Skill      XL: |  1  2  3  4  5  6 |
---------------+-------------------+-----
Fighting       | 4 |  4.5
Polearms       | 3 4 |  4.0
Ranged Weapons | 1 2 |  2.0
Armour         | 4 |  4.2
Dodging        | |  0.5
Shields        | |  4.7

Action                   |  1- 3 |  4- 6 || total
-------------------------+-------+-------++-------
Melee: Trident           |    57 |    42 ||    99
 Fire: Sling             |    11 |    79 ||    90
Armor: Scale mail        |    13 |    31 ||    44
Dodge: Dodged            |    21 |    42 ||    63
Block: Buckler           |    11 |    21 ||    32

Table legend: (Time is in decaauts)
 A = Elapsed time spent in this place.
 B = Non-inter-level travel time spent in this place.
 C = Inter-level travel time spent in this place.
 D = Time resting spent in this place.
 E = Time spent auto-exploring this place.
 F = Levels seen in this place.
 G = Mean time per level.
                   A        B        C        D        E       F      G
               +--------+--------+--------+--------+--------+-----+--------+
         Total |   2395 |   2306 |     89 |      0 |   1930 |   2 | 1197.5 |
       Dungeon |   2395 |   2306 |     89 |      0 |   1930 |   2 | 1197.5 |
               +--------+--------+--------+--------+--------+-----+--------+

Top non-repeatable levels by time:
     D:2: 1294 daAuts
     D:1: 1101 daAuts
